 Dungeon Crawl Stone Soup version 0.30-a0-1035-g38d5fb2972 (webtiles) character file.

Game seed: 973804492795365025

10927 holysushi the Nimble (level 11, -10/77 HPs)
             Began as an Octopode Monk on Apr 9, 2023.
             Was an Initiate of Gozag.
             Mangled by a two-headed ogre
             ... wielding a +0 giant club
              (18 damage)
             ... on level 10 of the Dungeon.
             The game lasted 00:17:59 (11202 turns).

holysushi the Nimble (Octopode Monk)               Turns: 11202, Time: 00:17:59

Health: -10/77     AC:  1    Str: 11    XL:     11   Next: 69%
Magic:  11/11      EV: 24    Int: 13    God:    Gozag
Gold:   377        SH:  8    Dex: 24    Spells: 10/10 levels left

rFire   . . .      SeeInvis .    a - +0 short sword (speed)
rCold   + . .      Faith    .    q - +3 buckler
rNeg    + . .      Spirit   .    (helmet restricted)
rPois   .          Reflect  .    i - amulet of regeneration
rElec   .          Rampage  .    n - ring of protection from cold
rCorr   .                        B - ring of willpower
Will    +....                    z - ring of Lady Luck {rN+ Dex+3}
Stlth   ++++++                   E - ring "Onwoir" {Wiz Dex+3}
HPRegen 1.12/turn                (no ring)
MPRegen 0.12/turn                (no ring)
                                 (no ring)
                                 (no ring)

@: unable to drink
A: almost no armour, amphibious, 8 rings, camouflage 1, gelatinous body 1,
(nimble swimmer 1), tentacles, wild magic 1, inability to drink after injury 1
a: Renounce Religion, Potion Petition, Call Merchant, Bribe Branch


You were on level 10 of the Dungeon.
You worshipped Gozag.
Gozag was aware of your devotion.
You visited 2 branches of the dungeon, and saw 11 of its levels.

You collected 1992 gold pieces.
You spent 918 gold pieces at shops.
You paid 697 gold pieces to Gozag.

Inventory:

Hand Weapons
 a - a +0 short sword of speed (weapon)
 k - a +0 vampiric rapier
 p - a +0 scimitar of flaming
Missiles
 m - 2 throwing nets (quivered)
Armour
 q - a +3 buckler (worn)
Jewellery
 h - a ring of ice
 i - an amulet of regeneration (around mantle)
 n - a ring of protection from cold (left tentacle)
 w - a ring of magical power
 z - the ring of Lady Luck (on tentacle) {rN+ Dex+3}
   (You bought it in a shop on level 7 of the Dungeon)

   [ring of positive energy]

   Dex:       It affects your dexterity (+3).
   rN:        It protects you from negative energy.
 B - a ring of willpower (right tentacle)
 E - the ring "Onwoir" (on tentacle) {Wiz Dex+3}
   (You bought it in a shop on level 7 of the Dungeon)

   [ring of wizardry]

   It improves your spell success rate.
   Dex:       It affects your dexterity (+3).
Wands
 b - a wand of flame (18)
 x - a wand of charming (15)
Scrolls
 c - 6 scrolls of identify
 d - a scroll of blinking
 f - a scroll of immolation
 r - 4 scrolls of magic mapping
 y - 3 scrolls of teleportation
 A - 2 scrolls of fear
Potions
 e - 3 potions of heal wounds
 g - a potion of berserk rage
 j - 2 potions of ambrosia
 l - a potion of mutation
 o - 4 potions of brilliance
 s - 5 potions of haste
 t - a potion of lignification
 u - 3 potions of curing
 C - a potion of invisibility {unknown}
 F - a potion of flight {unknown}
Miscellaneous
 v - a condenser vane (inert)


   Skills:
 - Level 8.0 Fighting
 - Level 10.0 Short Blades
 + Level 12.9 Dodging
 - Level 10.0 Stealth
 - Level 2.0 Shields
 - Level 3.0 Evocations


You had 10 spell levels left.
You didn't know any spells.
Your spell library contained the following spells:

 Spells                   Type           Power      Damage    Failure   Level
 Beastly Appendage        Tmut           0%         N/A       21%         1
 Necrotise                Necr           0%         1d4       21%         1
 Slow                     Hex            0%         N/A       21%         1
 Sting                    Tmut/Pois      0%         1d3       21%         1
 Poisonous Vapours        Pois/Air       0%         N/A       30%         2
 Wereblood                Tmut           0%         N/A       30%         2
 Confusing Touch          Hex            0%         N/A       50%         3
 Dazzling Flash           Conj/Hex       0%         N/A       50%         3
 Spider Form              Tmut/Pois      0%         N/A       50%         3
 Summon Guardian Golem    Hex/Summ       0%         N/A       50%         3
 Vampiric Draining        Necr           0%         2d6       50%         3
 Vhi's Electric Charge    Tloc/Air       0%         N/A       50%         3
 Olgreb's Toxic Radiance  Pois           0%         N/A       86%         4
 Agony                    Necr           0%         N/A       99%         5
 Arcjolt                  Conj/Air       0%         1d10      99%         5
 Silence                  Hex/Air        0%         N/A       99%         5
 Orb of Destruction       Conj           0%         9d5       100%        7
 Spellforged Servitor     Conj/Summ      0%         N/A       100%        7
 Maxwell's Capacitive Co  Air            0%         ∞         100%        8


Dungeon Overview and Level Annotations

Branches:
Dungeon (10/15) Zot: 26681  Temple (1/1) D:4 Zot: 5962     Orc (0/2) D:10
   Lair: D:8-11

Altars:
Ashenzari
Cheibriados
Dithmenos
Elyvilon
Fedhas
Gozag
Hepliaklqana
Makhleb
Nemelex Xobeh
Okawaru
Qazlal
Ru
Sif Muna
Trog
Uskayaw
Vehumet
Wu Jian
Xom
Yredelemnul
Zin
The Shining One

Shops:
D:7 =   D:10 (

Annotations:
D:6 1 runed translucent door, LobsterGuardian's ghost, novice KoHs
D:10 1 runed translucent door
Temple 2 transporters


Innate Abilities, Weirdness & Mutations

You cannot wear most types of armour.
You are amphibious.
You can wear up to eight rings at the same time.
Your skin changes colour to match your surroundings (Stealth+).
Your rubbery body absorbs attacks. (AC +1, EV +1)
((You are camouflaged when in or above water. (Stealth+)))
You have tentacles for arms and can constrict up to eight enemies at once.
Your spells are a little harder to cast, but a little more powerful.
You occasionally lose the ability to drink potions when taking damage.


Message History

You block the two-headed ogre's attack.
You are too injured to fight recklessly!
You are too injured to fight recklessly!
You are too injured to fight recklessly!
Aiming: Charm
Press: ? - help, Shift-Dir - straight line, f - two-headed ogre
Aim: a two-headed ogre, wielding a +0 giant club and a +0 giant spiked club (heavily wounded, chance to affect: 38%)
The two-headed ogre resists with some effort.
You closely miss the two-headed ogre. You squeeze the two-headed ogre!
The two-headed ogre is severely wounded.
The two-headed ogre misses you.
The two-headed ogre hits you with a +0 giant spiked club!!
You feel threatened and lose the ability to drink potions!
* * * LOW HITPOINT WARNING * * *
You hit the two-headed ogre.
The two-headed ogre is severely wounded.
You puncture the two-headed ogre!
The two-headed ogre is almost dead.
You cannot drink potions in your current state!
Unknown command.
You hit the two-headed ogre but do no damage.
You tentacle-slap the two-headed ogre, but do no damage.
The two-headed ogre is almost dead.
You barely miss the two-headed ogre.
The two-headed ogre is almost dead.
The two-headed ogre closely misses you. The two-headed ogre misses you.
You hit the two-headed ogre but do no damage.
The two-headed ogre is almost dead.
You hit the two-headed ogre.
The two-headed ogre is almost dead.
You hit the two-headed ogre but do no damage.
The two-headed ogre is almost dead.
You hit the two-headed ogre.
The two-headed ogre is almost dead.
You hit the two-headed ogre.
The two-headed ogre is almost dead.
The two-headed ogre completely misses you.
The two-headed ogre hits you with a +0 giant spiked club!!
You die...
Your body crumbles into a pile of gold.

#############################
............................
#..........................
#............@O............
#..........................
#..........................
#..........................
#..........................
####...........♣..............
................8[............
......#####..##♣..#.#####.....
.###### #### #....# ...##


You could see a two-headed ogre.

Vanquished Creatures
  A hydra (D:8)
  A two-headed ogre (D:9)
  Pikel (D:8)
  Joseph (D:8)
  An efreet (D:8)
  A troll (D:8)
  2 hornets
  A shadow (D:9)
  25 yaks
  A wraith (D:9)
  Eustachio (D:5)
  Grum (D:8)
  Edmund (D:6)
  A water moccasin (D:8)
  2 orc warriors (D:9)
  2 ice beasts (D:7)
  2 black bears
  3 ogres
  3 wolves
  4 centaurs
  2 lemures (D:8)
  2 kobold brigands
  3 scorpions (D:6)
  4 bullfrogs
  2 gnoll sergeants
  14 wights
  A killer bee (D:9)
  An electric eel (D:9)
  4 orc priests
  5 hounds
  2 jellies
  2 gnoll boudas
  2 iguanas (D:6)
  10 orc wizards
  3 adders
  12 gnolls
  2 shadow imps
  A white imp (D:6)
  4 worms
  3 dart slugs
  28 orcs
  5 ball pythons
  7 bats
  2 endoplasms
  4 giant cockroaches
  9 goblins
  8 hobgoblins
  3 quokkas
  4 frilled lizards
  11 kobolds
  2 rats
217 creatures vanquished.

Vanquished Creatures (others)
  5 plants (D:6)
5 creatures vanquished.

Grand Total: 222 creatures vanquished

Notes
Turn   | Place    | Note
-------+----------+-------------------------------------------
     0 | D:1      | holysushi the Octopode Monk began the quest for the Orb.
     0 | D:1      | Reached XP level 1. HP: 16/16 MP: 1/1
   693 | D:2      | Reached XP level 2. HP: 19/21 MP: 2/2
  1119 | D:2      | Reached XP level 3. HP: 24/26 MP: 3/3
  2334 | D:3      | Reached XP level 4. HP: 16/31 MP: 4/4
  2353 | D:3      | Gained mutation: You occasionally lose the ability to drink
                  | potions when taking damage. [potion of mutation]
  2353 | D:3      | Gained mutation: Your spells are a little harder to cast,
                  | but a little more powerful. [potion of mutation]
  2355 | D:3      | Reached skill level 8 in Dodging
  2355 | D:3      | Reached XP level 5. HP: 10/42 MP: 5/5
  2586 | D:3      | Found a sacrificial altar of Ru.
  2849 | D:3      | Reached XP level 6. HP: 44/47 MP: 6/6
  3027 | D:3      | Found an ornate altar of the Wu Jian Council.
  3211 | D:4      | Reached skill level 1 in Shields
  3342 | D:4      | Found a staircase to the Ecumenical Temple.
  3353 | Temple   | Entered the Ecumenical Temple
  3353 | Temple   | Found a transporter.
  3353 | Temple   | Found a transporter.
  3360 | Temple   | Found a transporter.
  3360 | Temple   | Found a transporter.
  3371 | Temple   | Became a worshipper of Gozag Ym Sagoz the Greedy
  3582 | D:4      | Found a snail-covered altar of Cheibriados.
  3907 | D:4      | Found a shimmering blue altar of Sif Muna.
  3988 | D:5      | Entered Level 5 of the Dungeon
  4112 | D:5      | Reached XP level 7. HP: 10/53 MP: 7/7
  4601 | D:5      | Found a shimmering altar of Xom.
  4619 | D:5      | Noticed Eustachio
  4756 | D:5      | Found a glowing golden altar of the Shining One.
  5061 | D:5      | Reached skill level 5 in Stealth
  5247 | D:5      | Noticed a hornet
  5257 | D:5      | Killed a hornet
  5258 | D:5      | Reached XP level 8. HP: 8/58 MP: 8/8
  5357 | D:5      | Reached skill level 1 in Evocations
  5480 | D:5      | Killed Eustachio
  5613 | D:6      | Found a runed translucent door.
  5613 | D:6      | Noticed LobsterGuardian's ghost (novice KoHs)
  5831 | D:6      | Found a blossoming altar of Fedhas.
  6154 | D:6      | Noticed Edmund
  6175 | D:6      | Killed Edmund
  6176 | D:6      | Reached XP level 9. HP: 36/63 MP: 9/9
  6793 | D:7      | Found a sparkling altar of Nemelex Xobeh.
  6992 | D:7      | Reached skill level 10 in Short Blades
  7045 | D:7      | Reached skill level 9 in Dodging
  7075 | D:7      | Reached XP level 10. HP: 27/69 MP: 10/10
  7562 | D:7      | Identified the +12 flail "Pihes" {venom, rPois}
  7844 | D:8      | Noticed Pikel
  7884 | D:8      | Killed Pikel
  7885 | D:8      | Reached skill level 10 in Dodging
  8150 | D:7      | Bought the ring of Lady Luck {rN+ Dex+3} for 399 gold
                  | pieces
  8180 | D:8      | Noticed Joseph
  8184 | D:8      | Killed Joseph
  8185 | D:8      | Reached skill level 11 in Dodging
  8239 | D:8      | Noticed a seven-headed hydra
  8245 | D:8      | Killed a seven-headed hydra
  8264 | D:8      | Noticed Grum
  8790 | D:8      | Reached XP level 11. HP: 74/74 MP: 11/11
  9071 | D:8      | Reached skill level 12 in Dodging
  9243 | D:8      | Killed Grum
  9637 | D:9      | Found a shadowy altar of Dithmenos.
  9788 | D:9      | Reached skill level 10 in Stealth
 10004 | D:9      | Found a hazy altar of Hepliaklqana.
 10133 | D:9      | Found a hide-covered altar of Uskayaw.
 10726 | D:7      | Bought the ring "Onwoir" {Wiz Dex+3} for 519 gold pieces
 10835 | D:10     | Entered Level 10 of the Dungeon
 10852 | D:10     | Found Xurphitz's Weapon Shoppe.
 10854 | D:10     | Found a staircase to the Orcish Mines.
 10855 | D:10     | Noticed an orc knight
 10855 | D:10     | Noticed a two-headed ogre
 11111 | D:10     | Found a runed translucent door.
 11139 | D:10     | Noticed a two-headed ogre
 11141 | D:10     | Noticed a two-headed ogre
 11165 | D:9      | Killed a two-headed ogre
 11202 | D:10     | Mangled by a two-headed ogre

Illustrated notes

Levels and vault maps discovered:
D:1:      mainiacjoe_arrival_reflecting_pool, layout_basic
D:2:      layout_basic
D:3:      layout_basic, mainiacjoe_overflow_six_doors_small,
          nzn_wu_jian_contemplation
D:4:      layout_loops_ring, nicolae_sif_muna_little_library,
          cheibrodos_worm_habitat, minmay_temple_entry_glass
D:5:      layout_loops_corners, tso_altar, marbit_many_paths, serial_rivers,
          chequers_serial_rivers_room_b, chequers_serial_rivers_room_b,
          chequers_serial_rivers_micro_c, chequers_serial_rivers_small_b,
          chequers_serial_rivers_marsh, st_stairs_3, uniq_eustachio
D:6:      minmay_chambers_of_fours, layout_loops_cross,
          fedhas_bush_and_centaur_altar, hellmonk_ghost_happy_afterlife,
          nicolae_grassy_gnolls, uniq_edmund
D:7:      layout_basic, lemuel_crystal_altar
D:8:      layout_basic, minmay_small_thing, uniq_pikel, uniq_joseph, uniq_grum
D:9:      layout_loops_ring, pf_just_have_faith, grunt_dithmenos_shadows,
          mainiacjoe_overflow_boulevard, kennysheep_potato
D:10:     layout_long_grid, lair_entry_dummy, orc_david_3,
          ebering_ghost_funeral_grove, dreamdust_deal_with_the_devil
Temple:   hellmonk_temple_divided_pantheon

Skill      XL: |  1  2  3  4  5  6  7  8  9 10 11 |
---------------+----------------------------------+-----
Short Blades   | 4 7 8 9 10 | 10.0
Fighting       | 6 8 |  8.0
Dodging        | 8 9 11 12 | 12.9
Shields        | 1 2 |  2.0
Stealth        | 3 5 8 9 10 | 10.0
Evocations     | 3 |  3.0

Action                     |  1- 3 |  4- 6 |  7- 9 | 10-12 || total
---------------------------+-------+-------+-------+-------++-------
  Melee: Short sword       |    62 |   143 |   318 |   570 ||  1093
         Constrict         |    17 |    27 |    28 |    50 ||   122
         Tentacles         |    16 |    33 |    96 |   195 ||   340
         Punch             |       |     1 |     4 |    18 ||    23
 Invoke: Call Merchant     |       |       |       |     1 ||     1
  Evoke: Wand              |       |     1 |     2 |     8 ||    11
         Condenser vane    |       |       |       |     1 ||     1
    Use: Potion            |     2 |     7 |       |     1 ||    10
         Scroll            |       |       |    17 |     1 ||    18
   Stab: Sleeping          |     9 |     9 |     9 |    12 ||    39
         Distracted        |       |       |       |     3 ||     3
 Armour: Skin              |     5 |     9 |     2 |     7 ||    23
  Dodge: Dodged            |    39 |    40 |    77 |   183 ||   339
  Block: Buckler           |     4 |    13 |    47 |    95 ||   159

Table legend: (Time is in decaauts)
 A = Elapsed time spent in this place.
 B = Non-inter-level travel time spent in this place.
 C = Inter-level travel time spent in this place.
 D = Time resting spent in this place.
 E = Time spent auto-exploring this place.
 F = Levels seen in this place.
 G = Mean time per level.
                   A        B        C        D        E       F      G
               +--------+--------+--------+--------+--------+-----+--------+
         Total |  10539 |   9983 |    556 |   2227 |   5519 |  11 |  958.1 |
       Dungeon |  10502 |   9957 |    545 |   2227 |   5515 |  10 | 1050.2 |
        Temple |     37 |     26 |     11 |      0 |      4 |   1 |   37.0 |
               +--------+--------+--------+--------+--------+-----+--------+

Top non-repeatable levels by time:
     D:9: 1529 daAuts
     D:5: 1478 daAuts
     D:3: 1385 daAuts
     D:7: 1250 daAuts
     D:6: 1101 daAuts
     D:8: 1072 daAuts
     D:2: 1037 daAuts
     D:4: 857 daAuts
     D:1: 666 daAuts
    D:10: 124 daAuts
  Temple: 37 daAuts
